 Dungeon Crawl Stone Soup version 0.32-a0-422-g28b100f618 (webtiles) character file.

Game seed: 14198721122124057641

8556 Dittersdorf the Blocker (level 11, -4/72 HPs)
             Began as a Gargoyle Fighter on Feb 21, 2024.
             Was an Initiate of Gozag.
             Slain by a komodo dragon (7 damage)
             ... on level 1 of the Lair of Beasts.
             The game lasted 00:12:38 (12960 turns).

Dittersdorf the Blocker (Gargoyle Fighter)         Turns: 12960, Time: 00:12:39

Health: -4/72      AC: 25    Str: 24    XL:     11   Next: 32%
Magic:  11/11      EV:  7    Int:  9    God:    Gozag
Gold:   1418       SH:  7    Dex:  9    Spells: 10/10 levels left

rFire   . . .        a - +1 flail (flame)
rCold   . . .        c - +1 buckler
rNeg    + . .        z - +0 plate armour
rPois   ∞            (no helmet)
rElec   +            (no cloak)
rCorr   +            A - +1 pair of gloves
SInv    .            (no boots)
Will    +....        (no amulet) Stlth
                     g - ring of False Pretenses {Will+ rCorr}
HPRegen 0.32/turn    r - ring of resist corrosion
MPRegen 0.12/turn

%: no passive effects
@: no status effects
A: sickness immunity, AC +8, negative energy resistance 1, electricity
resistance, torment resistance 1, petrification resistance
a: Renounce Religion, Potion Petition, Call Merchant, Bribe Branch


You were on level 1 of the Lair of Beasts.
You worshipped Gozag.
Gozag was most pleased with you.
You visited 3 branches of the dungeon, and saw 12 of its levels.
You also visited: Sewer.

You collected 1543 gold pieces.
You paid 125 gold pieces to Gozag.

Inventory:

Hand Weapons
 a - a +1 flail of flaming (weapon)
 w - a +0 flail of protection
Missiles
 b - 2 throwing nets
Armour
 c - a +1 buckler (worn)
 z - a +0 plate armour (worn)
 A - a +1 pair of gloves (worn)
Jewellery
 e - a ring of protection from cold
 g - the ring of False Pretenses (left hand) {Will+ rCorr}
   (You acquired it on level 4 of the Dungeon)

   [ring of willpower]

   Will+:     It increases your willpower.
   rCorr:     It protects you from acid and corrosion.
 l - a ring of magical power
 r - a ring of resist corrosion (right hand)
Wands
 y - a wand of digging (4)
 B - a wand of roots (4) (quivered)
 G - a wand of quicksilver (7)
Scrolls
 i - 3 scrolls of enchant weapon
 n - 3 scrolls of revelation
 o - a scroll of fog
 p - 2 scrolls of blinking
 x - a scroll of poison
 C - 3 scrolls of teleportation
 D - a scroll of brand weapon
 F - a scroll of fear
Potions
 d - 2 potions of might
 f - 3 potions of mutation
 h - 5 potions of cancellation
 j - 4 potions of heal wounds
 k - a potion of invisibility
 m - a potion of magic
 q - 5 potions of curing {unknown}
 s - 2 potions of haste {unknown}
 t - a potion of attraction {unknown}
 u - 3 potions of ambrosia {unknown}
 v - 2 potions of resistance {unknown}
 E - a potion of enlightenment {unknown}


   Skills:
 + Level 10.1 Fighting
 + Level 9.0 Maces & Flails
 + Level 10.1 Armour
 + Level 10.1 Shields


You had 10 spell levels left.
You didn't know any spells.
Your spell library contained the following spells:

 Spells                   Type           Power      Damage    Failure   Level
 Apportation              Tloc           0%         N/A       99%         1
 Freeze                   Ice            0%         1d3       99%         1
 Slow                     Hex            0%         N/A       99%         1
 Sting                    Conj/Alch      0%         1d3       99%         1
 Jinxbite                 Hex            0%         N/A       100%        2
 Mercury Vapours          Alch/Air       0%         N/A       100%        2
 Confusing Touch          Hex            0%         N/A       100%        3
 Frozen Ramparts          Ice            0%         1d1       100%        3
 Hailstorm                Conj/Ice       0%         3d5       100%        3
 Sigil of Binding         Hex            0%         N/A       100%        3
 Summon Ice Beast         Ice/Summ       0%         N/A       100%        3
 Vampiric Draining        Necr           0%         2d6       100%        3
 Animate Armour           Summ/Erth      0%         N/A       100%        4
 Olgreb's Toxic Radiance  Alch           0%         N/A       100%        4
 Passage of Golubria      Tloc           0%         N/A       100%        4
 Summon Lightning Spire   Summ/Air       0%         N/A       100%        4
 Alistair's Intoxication  Alch           0%         N/A       100%        5
 Lee's Rapid Deconstruct  Erth           0%         3d4*      100%        5
 Silence                  Hex/Air        0%         N/A       100%        5
 Sculpt Simulacrum        Ice/Alch       0%         N/A       100%        6
 Haunt                    Necr/Summ      0%         N/A       100%        7
 Infestation              Necr           0%         N/A       100%        8
 Lehudib's Crystal Spear  Conj/Erth      0%         10d2      100%        8
 Animate Dead             Necr           Unusable   N/A       N/A         4

Dungeon Overview and Level Annotations

Branches:
Dungeon (10/15)            Temple (1/1) D:7            Lair (1/5) D:9
    Orc (0/2) D:10          Sewer (visited)

Altars:
Ashenzari
Cheibriados
Dithmenos
Elyvilon
Fedhas
Gozag
Hepliaklqana
Kikubaaqudgha
Makhleb
Nemelex Xobeh
Okawaru
Qazlal
Ru
Sif Muna
Trog
Uskayaw
Vehumet
Wu Jian
Xom
Yredelemnul
Zin
The Shining One

Shops:
D:4 =

Annotations:
D:4 2 transporters, zenocrate's ghost, weakling OpDe


Innate Abilities, Weirdness & Mutations

You are immune to sickness and miasma.
Your stone body is resilient. (AC +8)
You are immune to poison.
You resist negative energy. (rN+)
You are resistant to electric shocks. (rElec)
You are resistant to unholy torment.
You are immune to petrification.


Message History

The komodo dragon bites you.
You thump the komodo dragon! You burn the komodo dragon.
The komodo dragon is moderately wounded.
The komodo dragon bites you.
You barely miss the komodo dragon.
The komodo dragon is moderately wounded.
The komodo dragon closely misses you.
You sock the komodo dragon! You burn the komodo dragon.
The komodo dragon is heavily wounded.
The komodo dragon bites you!!
You are too injured to fight recklessly!
You are too injured to fight recklessly!
You are too injured to fight recklessly!
You are too injured to fight recklessly!
You are too injured to fight recklessly!
You are too injured to fight recklessly!
You are too injured to fight recklessly!
You are too injured to fight recklessly!
You are too injured to fight recklessly!
You are too injured to fight recklessly!
You are too injured to fight recklessly!
You are too injured to fight recklessly!
You are too injured to fight recklessly!
You are too injured to fight recklessly!
You are too injured to fight recklessly!
You are too injured to fight recklessly!
You are too injured to fight recklessly!
You are too injured to fight recklessly!
You hit the komodo dragon but do no damage.
The komodo dragon is heavily wounded.
The komodo dragon bites you but does no damage.
You hit the komodo dragon. You burn the komodo dragon.
The komodo dragon is severely wounded.
The komodo dragon bites you!!
* * * LOW HITPOINT WARNING * * *
You barely miss the komodo dragon.
The komodo dragon is severely wounded.
The komodo dragon bites you!
You die...
Your body crumbles into a pile of gold.

+......(.....##YY#
##......?....Y>Y#
##.........Y####
#.....>....#
#.P######+.# #..#
#P....# #.#
####'##### #+
#......$.#
#......@.#
#......#l.....>
#.....#........
######......#.#
.....## . ..####
.##


You could see a komodo dragon.

Vanquished Creatures
  A two-headed ogre (D:10)
  A troll (D:10)
  Prince Ribbit (D:8)
  Sigmund (D:3)
  A wraith (D:10)
  12 yaks
  2 wyverns
  3 steam dragons
  3 vampire mosquitoes (D:10)
  A water moccasin (D:8)
  Duvessa (D:7)
  4 orc warriors
  A sky beast (D:7)
  2 ice beasts
  An ogre (D:5)
  A phantom (D:7)
  6 centaurs
  2 kobold brigands (D:9)
  5 bullfrogs
  2 brain worms (Sewer)
  4 scorpions
  Dowan (D:7)
  8 wights
  9 killer bees
  A jelly (D:5)
  A hound (D:4)
  A bombardier beetle (D:4)
  4 orc priests
  3 gnoll boudas
  3 iguanas
  5 orc wizards
  2 sleepcaps
  35 gnolls
  10 adders
  4 river rats
  A white imp (D:6)
  3 dart slugs (D:1)
  2 ribbon worms (D:2)
  22 orcs
  9 endoplasms
  9 goblins
  9 hobgoblins
  6 jackals (D:1)
  7 quokkas
  12 ball pythons
  7 frilled lizards
  12 kobolds
  13 rats
254 creatures vanquished.

Notes
Turn   | Place    | Note
-------+----------+-------------------------------------------
     0 | D:1      | Dittersdorf the Gargoyle Fighter began the quest for the
                  | Orb.
     0 | D:1      | Reached XP level 1. HP: 14/14 MP: 1/1
   130 | D:1      | Reached XP level 2. HP: 19/19 MP: 2/2
   195 | D:1      | Reached XP level 3. HP: 22/23 MP: 3/3
   893 | D:2      | Reached XP level 4. HP: 12/29 MP: 4/4
  1441 | D:2      | Identified the +5 dagger of Untaotyoso {freeze, rF+ Int+3}
  1793 | D:3      | Reached XP level 5. HP: 33/33 MP: 5/5
  1827 | D:3      | Found a glowing drain.
  1831 | Sewer    | Entered a sewer
  2072 | Sewer    | Reached XP level 6. HP: 39/39 MP: 6/6
  2425 | D:3      | Noticed Sigmund
  2427 | D:3      | Found a faded altar of an unknown god.
  2434 | D:3      | Killed Sigmund
  2435 | D:3      | Reached skill level 5 in Fighting
  2435 | D:3      | Reached skill level 5 in Armour
  2435 | D:3      | Reached skill level 5 in Shields
  2435 | D:3      | Reached XP level 7. HP: 42/44 MP: 7/7
  3276 | D:4      | Identified a scroll of acquirement
  3276 | D:4      | Acquired the ring of False Pretenses {Will+ rCorr}
  3309 | D:4      | Found a transporter.
  3313 | D:4      | Found a transporter.
  3314 | D:4      | Noticed zenocrate's ghost (weakling OpDe)
  3986 | D:4      | Reached XP level 8. HP: 45/51 MP: 8/8
  4137 | D:4      | Found Quxzoy's Jewellery Shoppe.
  4353 | D:5      | Entered Level 5 of the Dungeon
  4500 | D:5      | Reached skill level 5 in Maces & Flails
  5242 | D:5      | Found an iron altar of Okawaru.
  6610 | D:7      | Reached XP level 9. HP: 18/56 MP: 9/9
  6805 | D:7      | Found a staircase to the Ecumenical Temple.
  6816 | Temple   | Entered the Ecumenical Temple
  6886 | Temple   | Became a worshipper of Gozag Ym Sagoz the Greedy
  7319 | D:7      | Noticed Duvessa
  7319 | D:7      | Noticed Dowan
  7327 | D:7      | Killed Duvessa
  7335 | D:7      | Killed Dowan
  8586 | D:8      | Reached XP level 10. HP: 45/64 MP: 10/10
  8757 | D:8      | Noticed Prince Ribbit
  9051 | D:8      | Killed Prince Ribbit
  9580 | D:8      | Found a shimmering altar of Xom.
  9784 | D:8      | Found a blossoming altar of Fedhas.
 11330 | D:9      | Found a staircase to the Lair.
 11591 | D:10     | Entered Level 10 of the Dungeon
 11713 | D:10     | Found a staircase to the Orcish Mines.
 11724 | D:10     | Reached XP level 11. HP: 59/71 MP: 11/11
 11960 | D:10     | Noticed a two-headed ogre
 11981 | D:10     | Killed a two-headed ogre
 12611 | D:10     | Reached skill level 10 in Shields
 12718 | D:10     | Found a sparkling altar of Nemelex Xobeh.
 12827 | Lair:1   | Entered Level 1 of the Lair of Beasts
 12862 | Lair:1   | Reached skill level 10 in Fighting
 12862 | Lair:1   | Reached skill level 10 in Armour
 12959 | Lair:1   | HP: 2/72 [komodo dragon (21)]
 12960 | Lair:1   | Slain by a komodo dragon

Illustrated notes

Levels and vault maps discovered:
D:1:      wander_arrival_desolate, layout_basic
D:2:      layout_loops_ring, nicolae_elevator_lobby_plus
D:3:      layout_basic, gup_sewer_entry_spiral,
          chequers_ecumenical_altar_simple, minmay_shallow_snake_nest,
          uniq_sigmund
D:4:      layout_loops_cross, serial_shops, shop, gammafunk_ghost_smash
D:5:      layout_loops_corners, okawaru_ov_weapons_minmay
D:6:      layout_gridville
D:7:      layout_loops_corners, minmay_temple_entry_ruins, grunt_potential,
          uniq_duvessa
D:8:      layout_gridville, lemuel_tele_altar, amcnicky_altar_gilded,
          minmay_misc_feat_room, uniq_prince_ribbit1
D:9:      layout_stronghold, grunt_lair_entry_orc_guard_hut,
          small_statue_alley_b
D:10:     layout_roguey, nemelex_diamond_rough_becter, orc_0_dummy
Temple:   regret_index_temple_mists
Lair:1:   layout_roguey, grunt_megastairs_4, uniq_sonja

Skill      XL: |  1  2  3  4  5  6  7  8  9 10 11 |
---------------+----------------------------------+-----
Armour         | 4 5 6 8 9 10 | 10.1
Fighting       | 4 5 6 8 9 10 | 10.1
Shields        | 4 5 6 8 9 10 | 10.1
Maces & Flails | 3 4 5 7 8 9 |  9.0

Action                     |  1- 3 |  4- 6 |  7- 9 | 10-12 || total
---------------------------+-------+-------+-------+-------++-------
  Melee: Flail             |    72 |   160 |   458 |   398 ||  1088
  Evoke: Wand              |       |       |       |     2 ||     2
    Use: Scroll            |       |     7 |    11 |     3 ||    21
 Armour: Scale mail        |    61 |   116 |   229 |       ||   406
         Chain mail        |       |       |   189 |       ||   189
         Plate armour      |       |       |    20 |   378 ||   398
  Dodge: Dodged            |    38 |    77 |   224 |   106 ||   445
  Block: Buckler           |    20 |    32 |   150 |   136 ||   338

Table legend: (Time is in decaauts)
 A = Elapsed time spent in this place.
 B = Non-inter-level travel time spent in this place.
 C = Inter-level travel time spent in this place.
 D = Time resting spent in this place.
 E = Time spent auto-exploring this place.
 F = Levels seen in this place.
 G = Mean time per level.
                   A        B        C        D        E       F      G
               +--------+--------+--------+--------+--------+-----+--------+
         Total |  13197 |  12640 |    557 |   1894 |   8201 |  13 | 1015.2 |
       Dungeon |  12467 |  11947 |    520 |   1839 |   7732 |  10 | 1246.7 |
        Temple |     94 |     58 |     36 |     55 |      0 |   1 |   94.0 |
          Lair |    131 |    131 |      0 |      0 |     80 |   1 |  131.0 |
         Sewer |    505 |    505 |      0 |      0 |    388 |   1 |  505.0 |
               +--------+--------+--------+--------+--------+-----+--------+

Top non-repeatable levels by time:
     D:8: 2019 daAuts
     D:7: 1729 daAuts
     D:3: 1401 daAuts
     D:6: 1328 daAuts
    D:10: 1216 daAuts
     D:9: 1124 daAuts
     D:5: 1030 daAuts
     D:1: 911 daAuts
     D:4: 856 daAuts
     D:2: 849 daAuts
   Sewer: 505 daAuts
  Lair:1: 131 daAuts
  Temple: 94 daAuts
